 Dungeon Crawl Stone Soup version 0.23-a0-352-geaabbf3 (webtiles) character file.

219 Cryolive the Covered (level 5, -9/46 HPs)
             Began as a Minotaur Fighter on Oct 20, 2018.
             Was an Initiate of Makhleb.
             Mangled by Menkaure (13 damage)
             ... while paralysed by Grinder
             ... on level 4 of the Dungeon.
             The game lasted 00:11:37 (2313 turns).

Cryolive the Covered (Minotaur Fighter)             Turns: 2313, Time: 00:11:38

Health: -9/46      AC:  8    Str: 22    XL:     5   Next: 63%
Magic:  4/4        EV:  2    Int:  5    God:    Makhleb [......]
Gold:   167        SH:  0    Dex:  9    Spells: 4/4 levels left

rFire    . . .     SeeInvis .   a - +0 long sword
rCold    . . .     Gourm    .   c - +0 shield
rNeg     . . .     Faith    .   b - +0 scale mail
rPois    .         Spirit   .   (helmet restricted)
rElec    .         Reflect  .   (no cloak)
rCorr    .         Harm     .   r - +0 pair of gloves
MR       .....                  (no boots)
Stlth    ..........             (no amulet)
HPRegen  0.15/turn              (no ring)
MPRegen  0.09/turn              (no ring)

@: paralysed
A: retaliatory headbutt, horns 2
a: Renounce Religion


You were on level 4 of the Dungeon.
You worshipped Makhleb.
Makhleb was noncommittal.
You were not hungry.

You visited 1 branch of the dungeon, and saw 4 of its levels.

You collected 167 gold pieces.

Inventory:

Hand Weapons
 a - a +0 long sword (weapon)
 t - a +0 hunting sling
Missiles
 i - 151 stones (quivered)
 k - 13 sling bullets
 o - 17 arrows
 u - 8 curare-tipped needles
Armour
 b - a +0 scale mail (worn)
 c - a +0 shield (worn)
 r - a +0 pair of gloves (worn)
Jewellery
 x - a +2 ring of intelligence {unknown}
 y - a +3 amulet of reflection {unknown}
Scrolls
 e - 2 scrolls of teleportation {unknown}
 g - a scroll of random uselessness {unknown}
 j - 4 scrolls of remove curse {unknown}
 m - 5 scrolls of identify {unknown}
 q - a scroll of enchant armour {unknown}
 s - a scroll of amnesia {unknown}
Potions
 d - a potion of might
 l - a potion of ambrosia {unknown}
 n - a potion of brilliance {unknown}
 p - 3 potions of haste {unknown}
 v - a potion of agility {unknown}
 w - a potion of curing {unknown}
 z - a potion of flight {unknown}
Comestibles
 f - 6 rations


   Skills:
 + Level 4.2 Fighting
 + Level 4.2 Long Blades
 + Level 0.2 Throwing
 + Level 5.2 Armour
 + Level 1.6 Dodging
 + Level 4.7 Shields


You had 4 spell levels left.
You didn't know any spells.
Your spell library was empty.

Dungeon Overview and Level Annotations

Branches:
Dungeon (4/15)
 Temple: D:4-7

Altars:
Makhleb
Qazlal
Vehumet

Annotations:
D:3 2 transporters, trolocsis's ghost, amateur MiBe
D:4 Grinder; Menkaure


Innate Abilities, Weirdness & Mutations

You reflexively headbutt those who attack you in melee.
You have a pair of horns on your head.


Message History

Grinder is moderately wounded.
Grinder blinks!
Menkaure closely misses you.
You hit Menkaure but do no damage. Menkaure hits you.
* * * LOW HITPOINT WARNING * * *
Menkaure calls on the powers of darkness!
Your body is wracked with pain!
* * * LOW HITPOINT WARNING * * *
You hit Menkaure. You headbutt Menkaure.
Menkaure is lightly damaged.
Menkaure hits you.
* * * LOW HITPOINT WARNING * * *
You hit Menkaure.
Menkaure is moderately damaged.
Menkaure barely misses you. You furiously retaliate!
You headbutt Menkaure. You block Grinder's attack.
Menkaure hits you but does no damage.
Grinder says, "FISH!"
Grinder gestures at you.
You suddenly lose the ability to move!
Menkaure hits you!
You die...

############
#..........#
#..........#
########..........#
......5@.......>..#
......M#..........#
#.....(#..........#
.......#..........#
≈......+..........######
≈≈≈....#................
≈≈≈....###+#############
≈≈≈≈.(.


You could see Grinder and Menkaure.

Vanquished Creatures
  A howler monkey (D:4)
  A hound (D:4)
  2 iguanas (D:4)
  3 adders
  An ooze (D:1)
  3 worms (D:2)
  A dart slug (D:3)
  3 leopard geckos
  A giant cockroach (D:1)
  9 goblins
  4 hobgoblins
  4 jackals (D:2)
  A quokka (D:2)
  4 ball pythons
  8 bats
  5 frilled lizards
  8 kobolds
  A quokka skeleton (D:4)
  5 rats
65 creatures vanquished.

Notes
Turn   | Place    | Note
-------+----------+-------------------------------------------
     0 | D:1      | Cryolive the Minotaur Fighter began the quest for the Orb.
     0 | D:1      | Reached XP level 1. HP: 19/19 MP: 0/0
    64 | D:1      | Reached XP level 2. HP: 27/27 MP: 1/1
   244 | D:1      | Reached skill level 4 in Armour
   377 | D:1      | Reached XP level 3. HP: 33/33 MP: 2/2
   715 | D:2      | Found a radiant altar of Vehumet.
   731 | D:2      | Found a burning altar of Makhleb.
   790 | D:2      | Reached XP level 4. HP: 23/40 MP: 3/3
   814 | D:2      | Became a worshipper of Makhleb the Destroyer
   980 | D:2      | Found a stormy altar of Qazlal.
  1664 | D:3      | Found a transporter.
  1664 | D:3      | Noticed trolocsis's ghost (amateur MiBe)
  1665 | D:3      | Found a transporter.
  1764 | D:3      | Noticed an ogre
  1764 | D:3      | Noticed an ogre
  2117 | D:4      | Reached skill level 5 in Armour
  2168 | D:4      | Reached skill level 1 in Dodging
  2168 | D:4      | Reached XP level 5. HP: 13/46 MP: 4/4
  2295 | D:4      | Noticed Grinder
  2300 | D:4      | Paralysed by Grinder for 6 turns
  2302 | D:4      | Noticed Menkaure
  2312 | D:4      | Paralysed by Grinder for 6 turns
  2313 | D:4      | Mangled by Menkaure

Vault maps used:
D:1:      dpeg_arrival_orchard
D:2:      grunt_temple_overflow_open, lemuel_crystal_altar, first_ration,
          minmay_misc_feat_columns
D:3:      gammafunk_ghost_smash
D:4:      temple_doors_e, lemuel_altar_in_water, uniq_grinder, uniq_menkaure

Skill      XL: |  1  2  3  4  5 |
---------------+----------------+-----
Shields        | 4 |  4.7
Fighting       | 4 |  4.2
Armour         | 4 5 |  5.2
Long Blades    | 3 4 |  4.2
Dodging        | 1 |  1.6
Throwing       | |  0.2

Action                   |  1- 3 |  4- 6 || total
-------------------------+-------+-------++-------
Melee: Long sword        |   109 |    72 ||   181
       Headbutt          |     7 |    18 ||    25
Throw: Javelin           |     3 |     8 ||    11
  Eat: Ration            |       |     2 ||     2
Armor: Scale mail        |    57 |    29 ||    86
Dodge: Dodged            |    51 |    15 ||    66
Block: Shield            |    81 |    40 ||   121
       Rpst.: Long sword |    20 |     4 ||    24

Table legend:
 A = Non-vault XP
 B = Vault XP
 C = Vault XP percentage of total XP
 D = Non-vault monster count
 E = Vault monster count
 F = Vault count percentage of total count
                 A         B        C        D         E       F
            +---------+---------+-------+---------+---------+-------
      Total |     313 |       0 |   0.0 |      65 |       0 |   0.0
            +---------+---------+-------+---------+---------+-------
        D:1 |      45 |       0 |   0.0 |      27 |       0 |   0.0
        D:2 |      81 |       0 |   0.0 |      26 |       0 |   0.0
        D:3 |      24 |       0 |   0.0 |       7 |       0 |   0.0
        D:4 |     163 |       0 |   0.0 |       5 |       0 |   0.0
            +---------+---------+-------+---------+---------+-------
